 Dungeon Crawl Stone Soup version 0.31.0-4-g52a2dc7128 (webtiles) character file.

Game seed: 3472193622508508616

9900 ssalbiz the Thaumaturge (level 11, -9/67 HPs)
             Began as a Deep Elf Hedge Wizard on Jan 22, 2024.
             Was a Priest of Vehumet.
             Mangled by a boulder beetle (44 damage)
             ... on level 9 of the Dungeon.
             The game lasted 00:45:38 (14590 turns).

ssalbiz the Thaumaturge (Deep Elf Hedge Wizard)    Turns: 14590, Time: 00:45:38

Health: -9/67      AC:  6    Str:  7    XL:     11   Next: 29%
Magic:  35/36      EV: 16    Int: 24    God:    Vehumet [***...]
Gold:   702        SH:  0    Dex: 14    Spells: 18/30 levels left

rFire   + . .        y - staff of air
rCold   . . .        (no shield)
rNeg    . . .        b - +0 robe
rPois   .            x - +0 helmet
rElec   +            c - +0 cloak
rCorr   .            G - +1 pair of gloves
SInv    .            (no boots)
Will    +....        (no amulet)
Stlth   ++++         i - ring of protection from fire
HPRegen 0.31/turn    C - ring of magical power
MPRegen 0.25/turn

%: no passive effects
@: no status effects
A: no striking features
a: Renounce Religion


You were on level 9 of the Dungeon.
You worshipped Vehumet.
Vehumet was most pleased with you.
You visited 3 branches of the dungeon, and saw 13 of its levels.

You collected 702 gold pieces.

Inventory:

Hand Weapons
 z - the +7 staff of the Meek {protect, meekguard}
   (You took it off a gnoll sergeant on level 8 of the Dungeon)
 D - a +2 short sword of holy wrath
Armour
 b - a +0 robe (worn)
 c - a +0 cloak (worn)
 x - a +0 helmet (worn)
 G - a +1 pair of gloves (worn)
Magical Staves
 y - a staff of air (weapon)
Jewellery
 i - a ring of protection from fire (left hand)
 t - a ring of fire
 u - a ring of flight
 C - a ring of magical power (right hand)
Wands
 e - a wand of light (11)
 o - a wand of iceblast (7)
 A - a wand of digging (4)
Scrolls
 a - a scroll of identify
 f - a scroll of brand weapon {unknown}
 g - a scroll of fear
 k - 4 scrolls of fog
 n - 3 scrolls of teleportation
 q - a scroll of blinking {unknown}
 s - 5 scrolls of vulnerability {unknown}
 v - 3 scrolls of enchant armour {unknown}
 w - a scroll of butterflies {unknown}
 E - a scroll of revelation {unknown}
Potions
 d - 2 potions of magic
 h - 4 potions of heal wounds
 j - 7 potions of curing
 l - a potion of invisibility {unknown}
 m - a potion of haste
 p - a potion of cancellation
 r - 3 potions of mutation {unknown}
 B - 2 potions of enlightenment {unknown}
Miscellaneous
 F - a sack of spiders


   Skills:
 + Level 7.4 Fighting
 + Level 3.1 Armour
 + Level 9.6 Dodging
 - Level 9.0 Stealth
 + Level 10.3 Spellcasting
 + Level 7.7 Conjurations
 - Level 1.1 Summonings
 - Level 1.1 Translocations
 - Level 3.0 Air Magic
 - Level 3.0 Alchemy


You had 18 spell levels left.
You knew the following spells:

 Your Spells              Type           Power      Damage    Failure   Level
a - Magic Dart            Conj           100%       1d8       1%          1
b - Searing Ray           Conj           98%        2d8       1%          2
c - Mephitic Cloud        Conj/Alch/Air  51%        N/A       1%          3
d - Blink                 Tloc           34%        N/A       4%          2
e - Fulminant Prism       Conj/Alch      19%        3d10      1%          4

Your spell library contained the following spells:

 Spells                   Type           Power      Damage    Failure   Level
 Momentum Strike          Conj/Tloc      66%        3d9       1%          2
 Mercury Vapours          Alch/Air       80%        N/A       1%          2
 Apportation              Tloc           34%        N/A       3%          1
 Cigotuvi's Dreadful Rot  Necr/Alch/Air  64%        N/A       3%          2
 Call Imp                 Summ           34%        N/A       4%          2
 Slow                     Hex            48%        N/A       5%          1
 Ensorcelled Hibernation  Hex/Ice        24%        N/A       8%          2
 Jinxbite                 Hex            24%        N/A       8%          2
 Ignite Poison            Fire/Alch      19%        N/A       8%          4
 Freezing Cloud           Conj/Ice/Air   22%        6-21      9%          5
 Fugue of the Fallen      Necr           12%        N/A       16%         3
 Alistair's Intoxication  Alch           17%        N/A       38%         5
 Anguish                  Hex/Necr       6%         N/A       45%         4


Dungeon Overview and Level Annotations

Branches:
Dungeon (11/15)            Temple (1/1) D:6            Lair (1/5) D:9
    Orc: D:9-12

Altars:
Ashenzari
Cheibriados
Dithmenos
Elyvilon
Fedhas
Gozag
Hepliaklqana
Kikubaaqudgha
Makhleb
Nemelex Xobeh
Okawaru
Qazlal
Ru
Sif Muna
Trog
Uskayaw
Vehumet
Wu Jian
Xom
Yredelemnul
Zin
The Shining One

Annotations:
D:3 1 runed translucent door, exclusion: door, TheBioAlchemist's ghost, amateur OpSh
D:8 1 runed translucent door, exclusion: ugly thing, SlowGraham's ghost, novice MiNe
D:10 2 transporters
Lair:1 1 transporter, Gastronok


Message History

Confirm with . or Enter, or press ? or * to list all spells.
Aiming: Fulminant Prism (dangerous; 1% risk of failure)
Press: ? - help, Dir - move target You conjure a prism of explosive energy!
A fulminant prism comes into view.
Your fulminant prism crackles loudly.
Your fulminant prism explodes!
You start resting.
Magic restored.
Casting: Fulminant Prism (dangerous; 1% risk of failure)
Confirm with . or Enter, or press ? or * to list all spells.
Aiming: Fulminant Prism (dangerous; 1% risk of failure)
Press: ? - help, Dir - move target You conjure a prism of explosive energy!
A fulminant prism comes into view.
Your fulminant prism crackles loudly.
Your fulminant prism explodes!
You hear a roar!
The boulder beetle curls into a ball and begins rolling!
Casting: Fulminant Prism (dangerous; 1% risk of failure)
Confirm with . or Enter, or press ? or * to list all spells.
Okay, then.
Casting: Fulminant Prism (dangerous; 1% risk of failure)
Confirm with . or Enter, or press ? or * to list all spells.
You blink.
The boulder beetle hits you!!
Ouch! That really hurt!
The boulder beetle stops rolling and uncurls.
Casting: Blink (safe; 4% risk of failure)
Confirm with . or Enter, or press ? or * to list all spells.
You are still too unstable to blink.
As you read the scroll of fear, it crumbles to dust.
You assume a fearsome visage.
The boulder beetle looks frightened!
The boulder beetle leaps!
The boulder beetle leaps!
A boulder beetle is nearby!
The boulder beetle curls into a ball and begins rolling!
You feel ready to blink again. The boulder beetle hits you!!!
Ouch! That really hurt!
You die...

....#.# #....~~~....#.#....
......#########...~≈~≈~...#.##.##
....####......#..~≈≈≈≈~...#.###.#
....# #.......#..~≈≈≈≈≈...#.#..#.
.#### #...........~~~~B...#.#.##)
.######.###.##............#.#.#.#
........###'##......○.....#.#)B##
))######)......#####°.....#.#..).
>(##...#.#......@B○○......#.###.#
(.##.#.#.#....####....#####.#....
####.#...#....# #....# #.#.#B#
.....#####....# #....# #.#.#.#
###### #....# #....# #.#.#)#
#....# #....#####.#.#.# #....#
#.....°.°..###B# #....#
########.#...°.. #....# #........


You could see a boulder beetle (rolling).

Vanquished Creatures
  2 centaur warriors
  A two-headed ogre (D:10)
  A manticore (D:9)
  A cyclops (D:8)
  Maurice (D:10)
  A komodo dragon (Lair:1)
  A slime creature (D:8)
  3 shadows
  3 wyverns
  6 yaks (D:10)
  3 water moccasins
  A black bear (D:7)
  An ice beast (D:6)
  4 orc warriors
  2 sky beasts
  8 centaurs
  4 kobold brigands
  2 scorpions (D:5)
  5 bullfrogs
  2 gnoll sergeants
  13 wights
  5 killer bees
  5 howler monkeys
  An electric eel (D:9)
  A lava snake (D:9)
  4 hounds
  5 jellies
  2 gnoll boudas
  3 orc priests
  2 sleepcaps (D:6)
  Ijyb (D:4)
  3 iguanas
  10 orc wizards
  7 adders
  10 gnolls
  2 shadow imps (D:6)
  4 white imps
  4 ufetubi
  A ribbon worm (D:2)
  3 dart slugs
  27 orcs
  6 ball pythons
  6 endoplasms
  4 giant cockroaches
  5 goblins
  9 hobgoblins
  26 kobolds
  2 quokkas
  5 bats
  2 frilled lizards
  4 rats
234 creatures vanquished.

Vanquished Creatures (others)
  A culicivora (shapeshifter) (D:10)
  3 fulminant prisms (D:9)
4 creatures vanquished.

Grand Total: 238 creatures vanquished

Notes
Turn   | Place    | Note
-------+----------+-------------------------------------------
     0 | D:1      | ssalbiz the Deep Elf Hedge Wizard began the quest for the
                  | Orb.
     0 | D:1      | Reached XP level 1. HP: 10/10 MP: 7/7
   290 | D:1      | Reached XP level 2. HP: 15/15 MP: 3/9
   886 | D:2      | Learned a level 2 spell: Searing Ray
   913 | D:2      | Reached skill level 5 in Spellcasting
   991 | D:2      | Reached XP level 3. HP: 19/19 MP: 9/11
  1584 | D:2      | Identified the +5 flail of the Burning Goat {vamp, +Blink
                  | rElec Dex-5}
  2052 | D:3      | Found a runed translucent door.
  2055 | D:3      | Noticed TheBioAlchemist's ghost (amateur OpSh)
  2098 | D:3      | Reached XP level 4. HP: 24/24 MP: 2/13
  2192 | D:3      | Noticed a golden eye
  2193 | D:3      | Found a faded altar of an unknown god.
  2197 | D:3      | Noticed a golden eye
  2202 | D:3      | Noticed a shining eye
  2205 | D:3      | Noticed a golden eye
  2390 | D:3      | Reached skill level 6 in Spellcasting
  2667 | D:3      | Noticed a bullfrog
  2911 | D:4      | Reached XP level 5. HP: 28/28 MP: 10/15
  3052 | D:4      | Learned a level 3 spell: Mephitic Cloud
  3126 | D:4      | Identified the +3 scale mail of Makhleb's Fury {Dex+3}
  3198 | D:4      | Noticed Ijyb
  3205 | D:4      | Killed Ijyb
  3371 | D:4      | Found an ornate altar of the Wu Jian Council.
  3453 | D:4      | Reached skill level 1 in Alchemy
  3483 | D:4      | Reached skill level 1 in Air Magic
  3735 | D:4      | Learned a level 2 spell: Blink
  3850 | D:5      | Entered Level 5 of the Dungeon
  3887 | D:5      | Reached XP level 6. HP: 31/32 MP: 12/17
  3939 | D:5      | Reached skill level 7 in Spellcasting
  4540 | D:5      | Reached skill level 5 in Conjurations
  4540 | D:5      | Reached XP level 7. HP: 5/36 MP: 10/19
  5167 | D:6      | Reached skill level 1 in Fighting
  5296 | D:6      | Reached skill level 8 in Spellcasting
  5331 | D:6      | Found a glowing silver altar of Zin.
  6175 | D:6      | Found a staircase to the Ecumenical Temple.
  6273 | Temple   | Entered the Ecumenical Temple
  6288 | Temple   | Became a worshipper of Vehumet
  6363 | D:6      | Reached XP level 8. HP: 40/44 MP: 15/22
  6736 | D:7      | Reached skill level 9 in Spellcasting
  7553 | D:7      | Reached * piety under Vehumet
  7553 | D:7      | Offered knowledge of Foxfire by Vehumet.
  7829 | D:8      | Reached XP level 9. HP: 35/52 MP: 18/24
  7941 | D:8      | Found a blossoming altar of Fedhas.
  8404 | D:8      | Noticed a cyclops
  8425 | D:8      | Reached skill level 5 in Stealth
  8602 | D:8      | Noticed a centaur warrior
  8693 | D:3      | Reached skill level 5 in Dodging
  8853 | D:8      | Killed a centaur warrior
  8854 | D:8      | Reached skill level 5 in Fighting
  9211 | D:8      | Found a runed translucent door.
  9215 | D:8      | Noticed SlowGraham's ghost (novice MiNe)
  9217 | D:8      | Identified the +3 spear of Mourning {distort, rF+ Str+2}
  9233 | D:8      | Noticed a red ugly thing
  9332 | D:8      | Killed a cyclops
  9745 | D:9      | Reached XP level 10. HP: 60/60 MP: 21/25
 10169 | D:9      | Reached ** piety under Vehumet
 10169 | D:9      | Offered knowledge of Sting by Vehumet.
 10303 | D:9      | Found a staircase to the Lair.
 10557 | D:9      | Found a hide-covered altar of Uskayaw.
 10877 | D:9      | Noticed a manticore
 11104 | D:9      | Learned a level 4 spell: Fulminant Prism
 11253 | D:10     | Entered Level 10 of the Dungeon
 11253 | D:10     | Found a transporter.
 11257 | D:10     | Noticed a two-headed ogre
 11340 | D:10     | Killed a two-headed ogre
 11801 | D:10     | Offered knowledge of Momentum Strike by Vehumet.
 11837 | D:10     | Noticed Maurice
 11894 | D:9      | Reached skill level 1 in Armour
 12372 | D:10     | Found a transporter.
 12372 | D:10     | Noticed an eight-headed hydra
 12373 | D:10     | Noticed a deep troll
 12376 | D:10     | Noticed a tengu warrior
 12397 | D:10     | Killed Maurice
 13065 | D:10     | Reached *** piety under Vehumet
 13364 | D:11     | Reached XP level 11. HP: 67/67 MP: 26/26
 13502 | D:11     | Noticed a boulder beetle
 13725 | Lair:1   | Entered Level 1 of the Lair of Beasts
 13768 | Lair:1   | Found a transporter.
 13845 | Lair:1   | Noticed Gastronok
 13978 | D:9      | Reached skill level 10 in Spellcasting
 14185 | D:9      | Noticed a five-headed hydra
 14222 | D:9      | Noticed a boulder beetle
 14308 | D:9      | Noticed a centaur warrior
 14326 | D:9      | Killed a centaur warrior
 14590 | D:9      | Mangled by a boulder beetle

Illustrated notes

Levels and vault maps discovered:
D:1:      minmay_arrival_open_corners, layout_basic
D:2:      layout_rooms
D:3:      layout_rooms, ebering_ghost_inner_flame,
          hellmonk_ecumenical_altar_watching_god
D:4:      layout_loops_ring, nicolae_wu_jian_wuxing_cycle,
          hangedman_decor_clover_reticule, guppyfry_early_lair_pool, uniq_ijyb
D:5:      layout_basic
D:6:      layout_rooms, kennysheep_little_box, minmay_temple_entry_poolview,
          minmay_bent
D:7:      nicolae_cairo_tiling, layout_rooms, hangedman_glass_teeth
D:8:      minmay_bloctagon_deflated, layout_basic, fedhas_altar_2,
          ebering_ghost_funeral_grove, supply_closet_lemuel
D:9:      minmay_the_grid_square_5x5_3x3 [minmay_the_grid_square_5x5_three,
          minmay_the_grid_square_5x5_minivault,
          minmay_the_grid_square_5x5_misaligned,
          minmay_the_grid_square_5x5_spiral,
          minmay_the_grid_square_5x5_megaprize_checkered,
          minmay_the_grid_square_5x5_fancy_junction,
          minmay_the_grid_square_5x5_checkered_sparse,
          minmay_the_grid_square_5x5_meh, minmay_the_grid_square_5x5_tie],
          layout_basic, mainiacjoe_overflow_six_doors_small, kennysheep_donut
D:10:     gammafunk_sealed_arena, layout_rooms, uniq_maurice
D:11:     layout_grid_maze, orc_0_dummy, gauntlet_entry_generic
Temple:   regret_index_temple_mists
Lair:1:   layout_layer_cave, nzn_ghost_randoct, uniq_gastronok

Skill      XL: |  1  2  3  4  5  6  7  8  9 10 11 |
---------------+----------------------------------+-----
Conjurations   | 2 3 4 5 6 7 |  7.7
Spellcasting   | 5 6 7 8 9 10 | 10.3
Alchemy        | 1 2 3 |  3.0
Air Magic      | 1 2 3 |  3.0
Fighting       | 2 4 5 7 |  7.4
Dodging        | 3 6 9 |  9.6
Stealth        | 4 7 9 |  9.0
Armour         | 2 3 |  3.1
Summonings     | |  1.1
Translocations | |  1.1

Action                     |  1- 3 |  4- 6 |  7- 9 | 10-12 || total
---------------------------+-------+-------+-------+-------++-------
  Melee: Dagger            |       |       |     1 |       ||     1
   Cast: Magic Dart        |    86 |    72 |   127 |   102 ||   387
         Searing Ray       |     5 |    22 |    60 |    84 ||   171
         Mephitic Cloud    |       |       |     7 |    27 ||    34
         Blink             |       |       |     1 |     5 ||     6
         Fulminant Prism   |       |       |       |     3 ||     3
    Use: Scroll            |       |       |    11 |     2 ||    13
         Potion            |       |       |       |     1 ||     1
   Stab: Sleeping          |       |       |     1 |       ||     1
 Armour: Robe              |     7 |    22 |    66 |    76 ||   171
  Dodge: Dodged            |    11 |    12 |    55 |   109 ||   187
